 Dungeon Crawl Stone Soup version 0.29-a0-359-g541a27f54d (webtiles) character file.

Game seed: 5085220826379040602

372 spiderkeys the Skirmisher (level 6, -3/55 HPs)
             Began as a Ghoul Abyssal Knight on Apr 28, 2022.
             Was a Priest of Lugonu.
             Slain by an ogre
             ... wielding a +0 giant club
              (28 damage)
             ... on level 4 of the Dungeon.
             The game lasted 00:03:24 (2917 turns).

spiderkeys the Skirmisher (Ghoul Abyssal Knight)    Turns: 2917, Time: 00:03:25

Health: -3/55      AC: 10    Str: 19    XL:     6   Next: 71%
Magic:  8/8        EV:  7    Int:  5    God:    Lugonu [***...]
Gold:   113        SH:  5    Dex:  9    Spells: 5/5 levels left

rFire   . . .      SeeInvis .   a - +1 hand axe
rCold   + . .      Faith    .   (no shield)
rNeg    + + +      Spirit   .   c - +0 chain mail
rPois   ∞          Reflect  +   (no helmet)
rElec   .          Harm     .   (no cloak)
rCorr   .          Rampage  .   e - +0 pair of gloves
Will    .....                   (no boots)
Stlth   ..........              v - amulet of reflection
HPRegen 0.00/turn               L - ring of flight
MPRegen 0.11/turn               (no ring)

@: flying, inhibited regen
A: claws 1, cold resistance 1, negative energy resistance 3, inhibited
regeneration, torment resistance 2, devour on kill
a: Renounce Religion, Depart the Abyss, Bend Space, Banish


You were on level 4 of the Dungeon.
You worshipped Lugonu.
Lugonu was most pleased with you.
You visited 1 branch of the dungeon, and saw 4 of its levels.
You visited the Abyss 1 time.

You collected 113 gold pieces.


Innate Abilities, Weirdness & Mutations

You are immune to poison.
You have sharp fingernails.
Your flesh is cold resistant. (rC+)
You are immune to negative energy. (rN+++)
You do not regenerate when monsters are visible.
You are immune to unholy pain and torment.
You thrive by killing the living.


   Skills:
 + Level 4.8 Fighting
 + Level 3.4 Axes
 + Level 3.4 Armour
 - Level 1.0 Dodging
 + Level 0.0 Shields
 + Level 4.0 Invocations


You had 5 spell levels left.
You didn't know any spells.
Your spell library contained the following spells:

 Spells                   Type           Power      Damage    Failure   Level
 Summon Small Mammal      Summ           0%         N/A       99%         1
 Call Canine Familiar     Summ           0%         N/A       100%        3
 Summon Guardian Golem    Hex/Summ       0%         N/A       100%        3

Inventory:

Hand Weapons
 a - a +1 hand axe (weapon)
Missiles
 h - 23 stones
 s - 3 poisoned darts
Armour
 b - a +0 leather armour
 c - a +0 chain mail (worn)
   (You found it on level 1 of the Dungeon)
 e - a +0 pair of gloves (worn)
   (You found it on level 1 of the Dungeon)
 f - a +0 robe
   (You found it on level 1 of the Dungeon)
 k - a +0 robe
   (You took it off Jessica on level 2 of the Dungeon)
 l - a +0 scale mail
   (You took it off Terence on level 2 of the Dungeon)
 m - a +0 scale mail
   (You found it on level 2 of the Dungeon)
 r - a +0 ring mail
   (You found it on level 3 of the Dungeon)
 w - a +0 tower shield
   (You found it on level 3 of the Dungeon)
Jewellery
 g - an amulet of regeneration
   (You found it on level 1 of the Dungeon)
 v - an amulet of reflection (around neck)
   (You found it on level 3 of the Dungeon)
 L - a ring of flight (left hand)
   (You found it on level 1 of the Dungeon)
Wands
 u - a wand of digging (8)
   (You found it on level 3 of the Dungeon)
Scrolls
 d - 2 scrolls of blinking {!r}
 j - a scroll of teleportation {unknown}
 o - a scroll of fear {unknown}
 p - 3 scrolls of identify {unknown}
 q - a scroll of immolation {unknown}
Potions
 i - a potion of might {unknown}
 n - 2 potions of mutation {unknown}
 t - a potion of curing {unknown}
 x - a potion of cancellation {unknown}

Dungeon Overview and Level Annotations

Branches:
Dungeon (4/15)
 Temple: D:4-7

Altars:
Cheibriados

Annotations:
Abyss:1 Grinder

#......##.....##....#
##...####.....##......
#...################.#
#........#### .#
#....)......### #
#........##...#
#......!.......
###......###.##
#...@O.# #.....J#
#.........
#......#....
######.#.... .# #.# ..
.. ###


You could see an ogre and an endoplasm.


Message History

Lugonu accepts your kill.
No target in view!
No target in view!
No target in view!
u - a wand of digging (8)
p - 2 scrolls labelled FAYCLI VAJONG (gained 1)
v - an amulet of reflection
p - 3 scrolls labelled FAYCLI VAJONG (gained 1)
There is a stone staircase leading down here.
There is an escape hatch in the floor here.
You see here a +0 flail.
There is a stone staircase leading up here.
Done exploring.
You start removing your amulet.
You continue taking off your amulet of regeneration. x4
You finish taking off your amulet of regeneration.
You start putting on your amulet.
You continue putting on your amulet of reflection. x5
You finish putting on your amulet of reflection.
You feel a shielding aura gather around you.
v - an amulet of reflection (around neck) Done exploring.
Done exploring.
Done exploring.
Press: ? - help, . - travel You can't see that place. [a metal wall.]
You see here a +0 tower shield.
w - a +0 tower shield
Okay, then.
Done exploring.
Done exploring.
Done exploring.
There is a stone staircase leading up here.
You see here a +0 flail.
There is an escape hatch in the floor here.
There is a stone staircase leading down here.
You fly downwards.
There is a stone staircase leading up here.
There is a stone staircase leading up here.
x - a fuming ruby potion No target in view!
No target in view!
No target in view!
You reach down and open the door.
There is an open door here.
As you open the door, it creaks loudly!
There is an open door here.
You now have 104 gold pieces (gained 18).
A dart slug comes into view.
A dart slug is nearby!
The dart slug barely misses you.
You hit the dart slug.
The dart slug bites you but does no damage.
You hit the dart slug. You slash the dart slug!
The dart slug closely misses you.
You hit the dart slug but do no damage.
The dart slug bites you but does no damage.
You hit the dart slug.
You kill the dart slug!
Lugonu accepts your kill.
No target in view!
You see here a dart slug corpse.
Found a stone staircase leading down.
You now have 113 gold pieces (gained 9).
An orc comes into view. It is wielding a +0 dagger.
The orc shouts!
You hear a shout! x2
An orc is nearby!
An orc is nearby!
You barely miss the orc. You block the orc's attack.
You hit the orc. The orc hits you but does no damage.
You hit the orc.
You kill the orc!
Lugonu accepts your kill.
No target in view!
No target in view!
An ogre comes into view. It is wielding a +0 giant club.
Things that are here:
a +0 dagger; a +0 leather armour; an orc corpse An ogre is nearby!
An ogre is nearby!
An ogre is nearby!
You see here a potion of heal wounds {@q2}.
An endoplasm comes into view.
The endoplasm quivers.
The ogre hits you with a +0 giant club!
The endoplasm moves out of view. 😕 HP[-12]
You take 12 damage, and now have 43/55 hp.
MASSIVE DAMAGE!! (PAUSE)
You hit the ogre. You block the ogre's attack.
You hit the ogre.
The ogre hits you with a +0 giant club!!
* * * LOW HITPOINT WARNING * * *
😨 HP[-18]
You take 18 damage, and now have 25/55 hp.
MASSIVE DAMAGE!! (PAUSE)
You slash the ogre!
The ogre hits you with a +0 giant club!!
Ouch! That really hurt!
You die...

Skill      XL: |  1  2  3  4  5 |
---------------+----------------+-----
Dodging        | 1 |  1.0
Armour         | 2 3 |  3.4
Axes           | 2 3 |  3.4
Fighting       | 4 |  4.8
Invocations    | 3 4 |  4.0

Action                   |  1- 3 |  4- 6 || total
-------------------------+-------+-------++-------
Melee: Hand axe          |    79 |   144 ||   223
       Punch             |     1 |       ||     1
Invok: Banish            |       |     1 ||     1
  Use: Potion            |       |     1 ||     1
       Scroll            |       |     1 ||     1
Armor: Chain mail        |    55 |    88 ||   143
Dodge: Dodged            |    18 |    47 ||    65
Block: Other             |       |     2 ||     2

Levels and vault maps discovered:
D:1:      lemuel_arrival_rhombus, layout_loops_ring,
          chequers_serial_rivers_large_a
D:2:      layout_basic, hellmonk_ecumenical_altar_leap_of_faith,
          minmay_misc_feat_room, uniq_jessica, uniq_terence
D:3:      layout_basic, mainiacjoe_overflow_alcove_2, uniq_grinder
D:4:      layout_basic, minmay_stone_trees_small, st_stairs_3

Notes
Turn   | Place    | Note
-------+----------+-------------------------------------------
     0 | Abyss:1  | spiderkeys the Ghoul Abyssal Knight began the quest for the
                  | Orb.
     0 | Abyss:1  | Reached XP level 1. HP: 19/19 MP: 1/1
     0 | Abyss:1  | magus.rc [v1.11.3]
    13 | D:1      | You pass through the gate.
    13 | D:1      | Escaped the Abyss
   164 | D:1      | Reached skill level 1 in Dodging
   312 | D:1      | Reached XP level 2. HP: 13/26 MP: 2/2
   561 | D:1      | Reached skill level 2 in Armour
   565 | D:1      | Reached skill level 2 in Axes
   776 | D:1      | You pick up a book of Callings and begin reading...
   776 | D:1      | You add the spells Summon Small Mammal, Call Canine
                  | Familiar and Summon Guardian Golem to your library.
  1109 | D:2      | Reached XP level 3. HP: 31/31 MP: 3/3
  1119 | D:2      | Noticed Jessica
  1123 | D:2      | Killed Jessica
  1123 | D:2      | Reached *** piety under Lugonu
  1152 | D:2      | Reached XP level 4. HP: 40/40 MP: 5/5
  1565 | D:2      | Reached skill level 4 in Fighting
  1577 | D:2      | You are sucked into a shaft and drop 2 floors!
  1589 | D:3      | Reached skill level 3 in Invocations
  1826 | D:2      | Noticed Terence
  1848 | D:2      | Killed Terence
  1849 | D:2      | Reached XP level 5. HP: 30/46 MP: 6/6
  2023 | D:2      | Found a faded altar of an unknown god.
  2347 | D:3      | Found a snail-covered altar of Cheibriados.
  2401 | D:3      | Noticed Grinder
  2404 | D:3      | Banished Grinder
  2405 | D:3      | Reached skill level 3 in Axes
  2405 | D:3      | Reached skill level 3 in Armour
  2405 | D:3      | Reached skill level 4 in Invocations
  2405 | D:3      | Reached XP level 6. HP: 55/55 MP: 2/8
  2917 | D:4      | Slain by an ogre

Vanquished Creatures
  Jessica (D:2)
  Terence (D:2)
  5 adders
  2 worms
  2 dart slugs
  2 orcs
  3 endoplasms
  2 giant cockroaches
  5 goblins
  7 hobgoblins
  3 jackals (D:1)
  6 kobolds
  2 quokkas
  3 ball pythons
  6 bats
  5 frilled lizards
  3 rats
58 creatures vanquished.

Table legend:
 A = Non-vault XP
 B = Vault XP
 C = Vault XP percentage of total XP
 D = Non-vault monster count
 E = Vault monster count
 F = Vault count percentage of total count
                 A         B        C        D         E       F
            +---------+---------+-------+---------+---------+-------
      Total |     164 |     368 |  69.2 |      56 |       3 |   5.1
            +---------+---------+-------+---------+---------+-------
        D:1 |      33 |       0 |   0.0 |      20 |       0 |   0.0
        D:2 |      60 |      73 |  54.9 |      18 |       2 |  10.0
        D:3 |      64 |     295 |  82.2 |      16 |       1 |   5.9
        D:4 |       7 |       0 |   0.0 |       2 |       0 |   0.0
            +---------+---------+-------+---------+---------+-------

Illustrated notes

Table legend:
 A = Kills in this place as a percentage of kills in entire the game.
 B = Kills by you in this place as a percentage of kills by you in the entire game.
 C = Kills by friends in this place as a percentage of kills by friends in the entire game.
 D = Other kills in this place as a percentage of other kills in the entire game.
 E = Experience gained in this place as a percentage of experience gained in the entire game.
 F = Experience gained in this place divided by the number of levels of this place that you have seen.
                   A       B       C       D       E      F
               +-------+-------+-------+-------+-------+----------------------
         Total | 100.0 | 100.0 |   N/A | 100.0 | 100.0 | 106.4
       Dungeon | 100.0 | 100.0 |   N/A | 100.0 | 100.0 | 133.0
               +-------+-------+-------+-------+-------+----------------------

Table legend: (Time is in decaauts)
 A = Elapsed time spent in this place.
 B = Non-inter-level travel time spent in this place.
 C = Inter-level travel time spent in this place.
 D = Time resting spent in this place.
 E = Time spent auto-exploring this place.
 F = Levels seen in this place.
 G = Mean time per level.
                   A        B        C        D        E       F      G
               +--------+--------+--------+--------+--------+-----+--------+
         Total |   2963 |   2841 |    122 |      0 |   2295 |   5 |  592.6 |
       Dungeon |   2950 |   2828 |    122 |      0 |   2291 |   4 |  737.5 |
         Abyss |     13 |     13 |      0 |      0 |      4 |   1 |   13.0 |
               +--------+--------+--------+--------+--------+-----+--------+

Top non-repeatable levels by time:
     D:1: 1104 daAuts
     D:3: 923 daAuts
     D:2: 851 daAuts
     D:4: 70 daAuts
 Abyss:1: 13 daAuts
